 Dungeon Crawl Stone Soup version 0.31-a0-466-g98c9adc2b6 (webtiles) character file.

Game seed: 11209219920057278534

28459 HallandMoats the Demonic Cataclysm (level 13, -24/114 HPs)
             Began as a Demonspawn Fighter on Aug 5, 2023.
             Was a High Priest of Qazlal.
             Killed from afar by a fire dragon (41 damage)
             ... with a blast of flame
             ... on level 14 of the Dungeon.
             The game lasted 00:21:29 (10888 turns).

HallandMoats the Demonic Cataclysm (DsFi)          Turns: 10888, Time: 00:21:29

Health: -24/114    AC: 22    Str: 21    XL:     13   Next: 9%
Magic:  26/26      EV:  7    Int: 15    God:    Qazlal [*****.]
Gold:   1213       SH: 10    Dex: 12    Spells: 12/12 levels left

rFire   + . .        a - +2 broad axe (flame)
rCold   . . .        c - +0 buckler
rNeg    + . .        q - +4 chain mail of Dishonesty {Drain rPois rN+ Int+4}
rPois   +            o - +0 helmet
rElec   .            (cloak unavailable)
rCorr   +            k - +0 pair of gloves
SInv    .            d - +1 pair of boots {Stlth+}
Will    .....        j - amulet of regeneration Stlth
                     g - ring of resist corrosion
HPRegen 1.19/turn    x - +4 ring of protection
MPRegen 0.20/turn

%: repel missiles
@: protected from fire
A: foul stench 1, spiny 2, sharp scales 1, weakness stinger 3
a: Renounce Religion, Upheaval, Elemental Force, Disaster Area


You were on level 14 of the Dungeon.
You worshipped Qazlal.
Qazlal was extremely pleased with you.
You visited 2 branches of the dungeon, and saw 15 of its levels.

You collected 1213 gold pieces.

Inventory:

Hand Weapons
 a - a +2 broad axe of flaming (weapon)
Missiles
 F - 2 throwing nets
Armour
 c - a +0 buckler (worn)
 d - a +1 pair of boots of stealth (worn)
 k - a +0 pair of gloves (worn)
 o - a +0 helmet (worn)
 q - the +4 chain mail of Dishonesty (worn) {Drain rPois rN+ Int+4}
   (You found it on level 3 of the Dungeon)

   Int:       It affects your intelligence (+4).
   rPois:     It protects you from poison.
   rN:        It protects you from negative energy.
   Drain:     It drains your maximum health when unequipped.
Jewellery
 g - a ring of resist corrosion (left hand)
 j - an amulet of regeneration (around neck)
 x - a +4 ring of protection (right hand)
 K - a ring of see invisible
 N - a ring of fire
 Q - an amulet of faith
Wands
 f - a wand of charming (10)
 n - a wand of flame (77)
 u - a wand of quicksilver (9)
 L - a wand of mindburst (19)
 O - a wand of iceblast (3)
Scrolls
 e - a scroll of fog
 h - 2 scrolls of amnesia
 s - 5 scrolls of fear
 t - 2 scrolls of torment
 y - a scroll of summoning
 z - 6 scrolls of teleportation
 B - a scroll of silence
 C - a scroll of noise
 D - 2 scrolls of enchant armour
 E - 6 scrolls of identify
 I - a scroll of blinking {unknown}
 J - a scroll of immolation {unknown}
 R - 2 scrolls of poison
Potions
 b - 2 potions of enlightenment {unknown}
 i - a potion of lignification {unknown}
 l - 5 potions of curing
 m - a potion of resistance {unknown}
 p - 3 potions of berserk rage
 r - a potion of cancellation {unknown}
 v - 3 potions of magic {unknown}
 w - 3 potions of haste
 A - a potion of heal wounds {unknown}
 G - 4 potions of ambrosia {unknown}
 H - a potion of mutation {unknown}
 M - 2 potions of might
 P - a potion of degeneration {unknown}


   Skills:
 * Level 14.4 Fighting
 + Level 9.5 Axes
 - Level 2.6 Armour
 - Level 2.6 Shields
 * Level 18.0 Invocations


You had 12 spell levels left.
You didn't know any spells.
Your spell library contained the following spells:

 Spells                   Type           Power      Damage    Failure   Level
 Magic Dart               Conj           0%         1d3       94%         1
 Summon Small Mammal      Summ           0%         N/A       94%         1
 Blink                    Tloc           0%         N/A       98%         2
 Lesser Beckoning         Tloc           0%         N/A       98%         2
 Momentum Strike          Conj/Tloc      0%         3d8       98%         2
 Searing Ray              Conj           0%         2d4       98%         2
 Call Canine Familiar     Summ           0%         N/A       100%        3
 Gell's Gravitas          Tloc           0%         N/A       100%        3
 Stone Arrow              Conj/Erth      0%         3d7       100%        3
 Summon Guardian Golem    Hex/Summ       0%         N/A       100%        3
 Teleport Other           Tloc           0%         N/A       100%        3
 Tukima's Dance           Hex            0%         N/A       100%        3
 Animate Armour           Summ/Erth      0%         N/A       100%        4
 Fulminant Prism          Conj/Hex       0%         3d5       100%        4
 Passage of Golubria      Tloc           0%         N/A       100%        4
 Summon Lightning Spire   Summ/Air       0%         N/A       100%        4
 Borgnjor's Vile Clutch   Necr/Erth      0%         N/A       100%        5
 Lee's Rapid Deconstruct  Erth           0%         3d4*      100%        5
 Summon Mana Viper        Hex/Summ       0%         N/A       100%        5
 Yara's Violent Unravell  Hex/Tmut       0%         3d3       100%        5
 Summon Cactus Giant      Summ           0%         N/A       100%        6
 Chain Lightning          Conj/Air       0%         N/A       100%        9
 Fire Storm               Conj/Fire      0%         5d1       100%        9
 Shatter                  Erth           0%         3d5*      100%        9


Dungeon Overview and Level Annotations

Branches:
Dungeon (14/15)            Temple (1/1) D:6            Lair (0/5) D:8
    Orc (0/2) D:10         Vaults (0/5) D:13

Altars:
Ashenzari
Cheibriados
Dithmenos
Fedhas
Gozag
Hepliaklqana
Kikubaaqudgha
Makhleb
Nemelex Xobeh
Okawaru
Qazlal
Ru
Sif Muna
Trog
Uskayaw
Vehumet
Wu Jian
Xom
Yredelemnul

Shops:
D:6 :   D:7 (

Annotations:
D:14 1 transporter, jasper's ghost, journeyman SpSh


Innate Abilities, Weirdness & Mutations

You may rarely emit foul miasma when damaged in melee.
You are mostly covered in sharp spines.
You are partially covered in razor-sharp scales. (AC +1, Slay +1)
You have a sharp stinger which inflicts weakening toxins.


Message History

The fire dragon bites you!
Your resistance to fire fades away.
You feel protected from physical attacks.
The fire dragon claws you but does no damage.
You block the fire dragon's attack.
A catoblepas comes into view.
You slash the fire dragon!
The fire dragon is heavily wounded.
You barely miss the wolf spider. You block the wolf spider's attack. x2
The wind drake flaps its wings at you. The air twists around and strikes you.
The wolf spider hits you! The wolf spider bites you!
The fire dragon breathes flames at you. The blast of flame hits you!!
* * * LOW HITPOINT WARNING * * *
The wind drake begins repelling missiles!
You hit the fire dragon but do no damage.
The fire dragon is heavily wounded.
You hit the wolf spider. You burn the wolf spider.
The wolf spider is struck by your spines.
The wolf spider hits you!
* * * LOW HITPOINT WARNING * * *
You feel more protected from physical attacks.
The wolf spider barely misses you. You block the fire dragon's attack.
The fire dragon claws you but does no damage.
The fire dragon tramples you but does no damage.
The wolf spider hits you!
* * * LOW HITPOINT WARNING * * *
You feel more protected from physical attacks.
The wolf spider closely misses you.
Okay, then.
You feel better.
The wolf spider hits you but does no damage.
The wolf spider bites you but does no damage.
The wind drake is engulfed in blazing flames.
The fire dragon breathes flames at you. The blast of flame hits you!!!
Your resistance to physical damage fades away.
You feel protected from fire.
You die...

#.#....5##..#
#...#.#3.#..# ####
#...#.#.3#..# .... #
...[33.##..# #..
#.###.W5###...#
#.!.#...#####...#.#
##.B###.......###.#
#..ks)###.##### ..
#.Y.D@.....#####....
.....##.###..........##
### #.#............#
#.#.#.######.#.#
#.#.#.# #.# #.# #.. ...
#.. #.# ..


You could see a fire dragon (catching breath), a catoblepas, a boulder beetle, a
wind drake (repels missiles) and a wolf spider.

Vanquished Creatures
  2 vault guards (D:13)
  A centaur warrior (D:14)
  An ogre mage (D:13)
  8 two-headed ogres
  The ghost of CraigForest the Protected, a journeyman FoFi of Hepliaklqana (D:10)
  3 boulder beetles
  Amaemon (D:8)
  Pikel (D:8)
  The ghost of Newt the Spear-Bearer, a novice MfGl of Yredelemnul (D:7)
  An ugly thing (D:12)
  A deep elf pyromancer (D:12)
  A cyclops (D:9)
  2 manticores
  A moth of wrath (D:7)
  A gargoyle (D:12)
  Maggie (D:6)
  An orange demon (D:8)
  A komodo dragon (D:8)
  Psyche (D:8)
  2 unseen horrors
  An ice devil (D:10)
  4 trolls
  2 hornets (D:8)
  Grinder (D:6)
  6 slime creatures (D:12)
  2 centaur simulacra (D:10)
  5 wraiths
  Sigmund (D:2)
  An unseen horror simulacrum (D:10)
  A shadow (D:10)
  2 vampires
  3 wyverns
  9 humans (D:13)
  Grum (D:10)
  Eustachio (D:6)
  A basilisk (shapeshifter) (D:12)
  A basilisk (D:12)
  4 vampire mosquitoes (D:10)
  Edmund (D:6)
  An acid dragon (D:10)
  A warg (D:10)
  4 water moccasins
  5 ice beasts
  A sky beast (D:7)
  6 orc warriors
  A black bear (D:7)
  7 ogres
  4 wolves (D:10)
  4 centaurs
  4 lemures (D:8)
  A phantom (D:5)
  2 kobold brigands
  Blork the orc (D:5)
  3 bullfrogs (D:7)
  2 gnoll sergeants
  5 scorpions
  9 wights (D:8)
  4 killer bees (D:10)
  3 howler monkeys
  2 jellies
  6 hounds
  8 orc priests
  Crazy Yiuf (D:2)
  3 gnoll boudas
  Terence (D:2)
  4 iguanas
  8 orc wizards
  Robin (D:3)
  20 gnolls
  5 adders
  A shadow imp (D:7)
  5 white imps
  An ufetubus (D:6)
  4 worms
  The ghost of drugrobin the Sneak, a weakling DgDe (D:5)
  3 dart slugs
  56 orcs
  4 bats (D:3)
  8 endoplasms
  5 giant cockroaches
  13 goblins
  14 hobgoblins
  7 jackals
  3 quokkas
  7 ball pythons
  8 frilled lizards
  24 kobolds
  2 rats (D:1)
372 creatures vanquished.

Vanquished Creatures (others)
  A human (D:13)
1 creature vanquished.

Grand Total: 373 creatures vanquished

Notes
Turn   | Place    | Note
-------+----------+-------------------------------------------
     0 | D:1      | HallandMoats the Demonspawn Fighter began the quest for the
                  | Orb.
     0 | D:1      | Reached XP level 1. HP: 18/18 MP: 1/1
    44 | D:1      | Reached skill level 1 in Invocations
   110 | D:1      | Gained mutation: You are partially covered in razor-sharp
                  | scales. (AC +1, Slay +1) [demonic ancestry]
   110 | D:1      | Reached XP level 2. HP: 24/24 MP: 1/3
   231 | D:1      | Reached skill level 2 in Invocations
   348 | D:1      | Reached XP level 3. HP: 27/29 MP: 4/4
   867 | D:2      | Noticed Terence
   874 | D:2      | Killed Terence
   875 | D:2      | Gained mutation: You are partially covered in sharp spines.
                  | [demonic ancestry]
   875 | D:2      | Reached XP level 4. HP: 20/37 MP: 4/6
   965 | D:2      | Reached skill level 3 in Invocations
  1241 | D:2      | Noticed Sigmund
  1248 | D:2      | Killed Sigmund
  1249 | D:2      | Reached skill level 4 in Invocations
  1249 | D:2      | Gained mutation: You have a small tail. [demonic ancestry]
  1249 | D:2      | Reached XP level 5. HP: 40/43 MP: 6/8
  1406 | D:2      | Found a runed translucent door.
  1407 | D:2      | Noticed Crazy Yiuf
  1672 | D:2      | Killed Crazy Yiuf
  1778 | D:3      | Gained mutation: You have a tail ending in a sharp stinger.
                  | [demonic ancestry]
  1778 | D:3      | Reached XP level 6. HP: 50/50 MP: 9/9
  1800 | D:3      | Noticed Robin
  1809 | D:3      | Killed Robin
  1810 | D:3      | Reached skill level 5 in Invocations
  1819 | D:3      | Reached skill level 5 in Fighting
  1941 | D:3      | Identified the +4 chain mail of Dishonesty {Drain rPois rN+
                  | Int+4}
  2593 | D:4      | Reached skill level 6 in Invocations
  2593 | D:4      | Gained mutation: You may rarely emit foul miasma when
                  | damaged in melee. [demonic ancestry]
  2593 | D:4      | Reached XP level 7. HP: 51/56 MP: 11/11
  3448 | D:5      | Entered Level 5 of the Dungeon
  3503 | D:5      | Reached skill level 7 in Invocations
  3643 | D:5      | Gained mutation: You are mostly covered in sharp spines.
                  | [demonic ancestry]
  3643 | D:5      | Reached XP level 8. HP: 65/65 MP: 13/13
  3877 | D:5      | Reached skill level 8 in Invocations
  3974 | D:5      | Found a blossoming altar of Fedhas.
  4169 | D:5      | Noticed Blork the orc
  4182 | D:5      | Killed Blork the orc
  4185 | D:5      | Found a runed translucent door.
  4214 | D:5      | Noticed drugrobin's ghost (weakling DgDe)
  4429 | D:5      | Killed drugrobin's ghost
  4439 | D:6      | Found Rojaebb's Vocational Training.
  4465 | D:6      | Noticed Maggie
  4468 | D:6      | Noticed Grinder
  4470 | D:6      | Noticed Eustachio
  4478 | D:6      | Killed Maggie
  4479 | D:6      | Reached skill level 9 in Invocations
  4480 | D:6      | Killed Grinder
  4481 | D:6      | Reached skill level 5 in Axes
  4488 | D:6      | Killed Eustachio
  4488 | D:6      | Noticed Edmund
  4489 | D:6      | Gained mutation: You have a sharp stinger which inflicts
                  | weakening toxins. [demonic ancestry]
  4489 | D:6      | Reached XP level 9. HP: 28/74 MP: 16/16
  4496 | D:6      | Killed Edmund
  4499 | D:6      | Reached skill level 10 in Invocations
  4855 | D:6      | Found a staircase to the Ecumenical Temple.
  4866 | Temple   | Entered the Ecumenical Temple
  4917 | Temple   | Became a worshipper of Qazlal Stormbringer
  5322 | D:7      | Found Giepsi's Hydra Hut.
  5324 | D:7      | Noticed a seven-headed hydra
  5435 | D:7      | Got the Excursus on Collective Breccia
  5437 | D:7      | Found a transporter.
  5442 | D:7      | Noticed Newt's ghost (novice MfGl)
  5525 | D:7      | Reached skill level 11 in Invocations
  5528 | D:7      | Found a transporter.
  5539 | D:7      | Noticed a moth of wrath
  5869 | D:7      | Reached * piety under Qazlal
  6049 | D:7      | Killed a moth of wrath
  6050 | D:7      | Reached XP level 10. HP: 24/84 MP: 18/18
  6059 | D:7      | Killed Newt's ghost
  6060 | D:7      | Reached skill level 12 in Invocations
  6291 | D:8      | Identified the +7 mace of the Arena {freeze, MP+9 Dex+3}
  6304 | D:8      | Noticed Amaemon
  6304 | D:8      | Noticed an orange demon
  6312 | D:8      | Killed Amaemon
  6313 | D:8      | Reached skill level 10 in Fighting
  6319 | D:8      | Killed an orange demon
  6445 | D:8      | Noticed Psyche
  6451 | D:8      | Noticed Pikel
  6452 | D:8      | Killed Psyche
  6453 | D:8      | Reached skill level 13 in Invocations
  6464 | D:8      | Killed Pikel
  6473 | D:8      | Found a burning altar of Makhleb.
  6551 | D:8      | Paralysed by a hornet for 3 turns
  6823 | D:8      | Found a staircase to the Lair.
  6968 | D:8      | Reached XP level 11. HP: 19/93 MP: 21/21
  7040 | D:9      | Reached ** piety under Qazlal
  7065 | D:9      | Reached skill level 14 in Invocations
  7279 | D:9      | Reached *** piety under Qazlal
  7454 | D:10     | Entered Level 10 of the Dungeon
  7543 | D:10     | Found a staircase to the Orcish Mines.
  7838 | D:10     | Noticed Grum
  7856 | D:10     | Killed Grum
  7915 | D:10     | Found a runed translucent gate.
  7915 | D:10     | Found a runed translucent gate.
  7920 | D:10     | Found a runed translucent gate.
  7946 | D:10     | Noticed CraigForest's ghost (journeyman FoFi)
  8054 | D:10     | Reached **** piety under Qazlal
  8126 | D:10     | Found a shadowy altar of Dithmenos.
  8268 | D:10     | Reached skill level 15 in Invocations
  8311 | D:10     | Killed CraigForest's ghost
  8392 | D:11     | Noticed a two-headed ogre
  8399 | D:11     | Killed a two-headed ogre
  8583 | D:11     | Noticed a two-headed ogre
  8588 | D:11     | Killed a two-headed ogre
  8616 | D:11     | Noticed a boulder beetle
  8646 | D:11     | Killed a boulder beetle
  8647 | D:11     | Reached skill level 16 in Invocations
  8647 | D:11     | Reached XP level 12. HP: 73/103 MP: 22/24
  8933 | D:12     | Noticed a two-headed ogre
  8940 | D:12     | Killed a two-headed ogre
  9940 | D:13     | Noticed a boulder beetle
  9941 | D:13     | Noticed a two-headed ogre
  9947 | D:13     | Noticed an ogre mage
  9947 | D:13     | Killed a boulder beetle
  9952 | D:13     | Noticed a two-headed ogre
  9953 | D:13     | Noticed a two-headed ogre
  9954 | D:13     | Noticed a two-headed ogre
  9955 | D:13     | Killed a two-headed ogre
  9956 | D:13     | Killed an ogre mage
  9957 | D:13     | Reached skill level 17 in Invocations
  9958 | D:13     | Killed a two-headed ogre
  9963 | D:13     | Killed a two-headed ogre
  9964 | D:13     | Killed a two-headed ogre
 10072 | D:13     | Found an ornate altar of the Wu Jian Council.
 10322 | D:13     | Noticed a boulder beetle
 10341 | D:13     | Noticed a two-headed ogre
 10349 | D:13     | Killed a two-headed ogre
 10351 | D:13     | Killed a boulder beetle
 10688 | D:13     | Noticed a vault guard
 10688 | D:13     | Noticed a vault guard
 10695 | D:13     | Killed a vault guard
 10695 | D:13     | Reached ***** piety under Qazlal
 10717 | D:13     | Killed a vault guard
 10718 | D:13     | Reached XP level 13. HP: 64/114 MP: 25/25
 10743 | D:13     | Found a gate to the Vaults.
 10848 | D:14     | Found a transporter.
 10851 | D:14     | Noticed jasper's ghost (journeyman SpSh)
 10876 | D:14     | Noticed a fire dragon
 10882 | D:14     | Reached skill level 18 in Invocations
 10888 | D:14     | Killed from afar by a fire dragon

Illustrated notes

Levels and vault maps discovered:
D:1:      tarquinn_simple_flora_water_b, layout_rooms, nrook_uturn,
          nicolae_figureground_pulse
D:2:      layout_basic, uniq_crazy_yiuf_cottage, uniq_terence, uniq_sigmund
D:3:      layout_rooms, uniq_robin
D:4:      layout_basic
D:5:      layout_rooms, lemuel_crystal_altar, ebering_ghost_reflecting_pool,
          minmay_fractal_squares_diagonal_5, uniq_blork_the_orc
D:6:      layout_cave_pools, minmay_temple_entry_ruins,
          corexii_leaking_fountain, nicolae_shop_vocational, uniq_eustachio,
          uniq_maggie, uniq_edmund, uniq_grinder
D:7:      layout_loops_ring, gammafunk_ghost_berserking_beasts,
          doesnt_shop_hydraphobe
D:8:      layout_rooms, mainiacjoe_overflow_chevrons, david_lair_shrubbed,
          uniq_psyche, uniq_amaemon, uniq_pikel
D:9:      layout_rooms, special_room [special_room_orc], kennysheep_small_circle
D:10:     layout_roguey, marbit_many_paths, david_orc_1_choice,
          gammafunk_ghost_icy, uniq_grum
D:11:     layout_basic
D:12:     layout_basic
D:13:     layout_long_grid, ximxim_vaults_locker_room, nrook_loot_triangle,
          pdpol_wu_jian_five_deadly_venoms
D:14:     minmay_tile_spiral, layout_loops_ring, gammafunk_ghost_stat_death,
          minmay_misc_feat_plants, uniq_roxanne
Temple:   hellmonk_temple_of_storms

Skill      XL: |  1  2  3  4  5  6  7  8  9 10 11 12 13 |
---------------+----------------------------------------+-----
Invocations    | 1 2 4 6 7 9 11 13 16 17 18 | 18.0
Axes           | 2 3 4 5 6 7 8 9 |  9.5
Fighting       | 4 5 6 8 9 11 12 14 | 14.4
Armour         | |  2.6
Shields        | |  2.6

Action                     |  1- 3 |  4- 6 |  7- 9 | 10-12 | 13-15 || total
---------------------------+-------+-------+-------+-------+-------++-------
  Melee: War axe           |    67 |    91 |    82 |       |       ||   240
         Tailslap          |       |    11 |    29 |    60 |     4 ||   104
         Scimitar          |       |       |    33 |       |       ||    33
         Hand axe          |       |       |    14 |       |       ||    14
         Broad axe         |       |       |    67 |   416 |    25 ||   508
    Use: Potion            |     1 |     1 |     4 |     2 |     1 ||     9
         Scroll            |       |       |    12 |     3 |       ||    15
   Stab: Invisible         |       |       |     1 |     3 |       ||     4
 Armour: Scale mail        |    26 |    37 |       |       |       ||    63
         Chain mail        |       |    19 |   162 |   285 |    21 ||   487
  Dodge: Dodged            |    31 |    47 |    62 |   145 |    14 ||   299
         Repelled          |       |       |       |     4 |       ||     4
  Block: Buckler           |    10 |    29 |    57 |   217 |    23 ||   336

Table legend: (Time is in decaauts)
 A = Elapsed time spent in this place.
 B = Non-inter-level travel time spent in this place.
 C = Inter-level travel time spent in this place.
 D = Time resting spent in this place.
 E = Time spent auto-exploring this place.
 F = Levels seen in this place.
 G = Mean time per level.
                   A        B        C        D        E       F      G
               +--------+--------+--------+--------+--------+-----+--------+
         Total |  11106 |  10674 |    432 |    815 |   7516 |  15 |  740.4 |
       Dungeon |  11044 |  10612 |    432 |    815 |   7516 |  14 |  788.9 |
        Temple |     61 |     61 |      0 |      0 |      0 |   1 |   61.0 |
               +--------+--------+--------+--------+--------+-----+--------+

Top non-repeatable levels by time:
     D:4: 1216 daAuts
     D:2: 1159 daAuts
    D:12: 1109 daAuts
     D:7: 1022 daAuts
     D:5: 1011 daAuts
    D:10: 965 daAuts
    D:13: 914 daAuts
     D:6: 789 daAuts
     D:8: 746 daAuts
     D:1: 653 daAuts
     D:3: 492 daAuts
     D:9: 454 daAuts
    D:11: 443 daAuts
    D:14: 64 daAuts
  Temple: 61 daAuts
